 Dungeon Crawl Stone Soup version 0.17-a0-1954-g0dddeaa (webtiles) character file.

6727 Kel the Cleaver (level 11, -7/60 HPs)
             Began as a Gargoyle Fighter on Oct 4, 2015.
             Was a Priest of Qazlal.
             Killed from afar by a wretched star (26 damage)
             ... with an orb of energy
             ... on level 1 of the Abyss.
             The game lasted 00:41:01 (13044 turns).

Kel the Cleaver (Gargoyle Fighter)                 Turns: 13044, Time: 00:41:01

Health: -7/60      AC: 16    Str: 22    XL:     11   Next: 4%
Magic:  20/20      EV:  7    Int:  9    God:    Qazlal [***...]
Gold:   347        SH:  4    Dex:  8    Spells: 0 memorised, 10 levels left

rFire  . . .     SeeInvis .     a - +1 war axe
rCold  + . .     Clarity  +     R - +2 chain mail {rC+}
rNeg   + . .     SustAt   .     (no shield)
rPois  ∞         Gourm    .     (no helmet)
rElec  +         Spirit   .     F - +0 cloak
rCorr  .         Warding  .     (no gloves)
rMut   .         Stasis   .     w - +0 pair of boots
MR     .....                    y - amulet of clarity
Stlth  ..........               D - ring of stealth
                                j - ring of magical power

@: not resistant to hostile enchantments, extremely unstealthy
A: berserk 2, clumsy 1, deformed body, negative energy resistance 1, electricity
resistance, unbreathing, petrification resistance, no device heal 1, rot
immunity, MP-powered wands, AC +7
a: Upheaval, Elemental Force, Renounce Religion


You were on level 1 of the Abyss.
You worshipped Qazlal.
Qazlal was most pleased with you.
You were very hungry.

You visited 2 branches of the dungeon, and saw 11 of its levels.
You visited the Abyss 1 time.
You also visited: Sewer and Ossuary.

You collected 529 gold pieces.
You spent 182 gold pieces at shops.

Inventory:

Hand weapons
 a - a +1 war axe (weapon)
 b - a +0 blowgun
Missiles
 i - 18 poisoned needles
Armour
 w - a +0 pair of boots (worn)
 F - a +0 cloak (worn)
 G - a +0 chain mail
 R - a +2 chain mail of cold resistance (worn)
Jewellery
 j - a ring of magical power (left hand)
 k - an uncursed amulet of the gourmand
 r - an uncursed ring of wizardry
 y - an amulet of clarity (around neck)
 D - a ring of stealth (right hand)
 K - an uncursed amulet of rage
 M - an uncursed amulet of resist mutation
Magical devices
 o - a wand of frost (32)
 p - a wand of draining (12)
 B - a wand of polymorph (11)
 H - a wand of fireball (7)
 Q - a wand of magic darts (26)
Scrolls
 d - 3 scrolls of teleportation
 h - 5 scrolls of identify
 n - 6 scrolls of remove curse
 s - a scroll of blinking
 t - a scroll of fog
 A - a scroll of enchant armour
 E - a scroll of magic mapping
 J - a scroll of random uselessness {unknown}
 O - a scroll of amnesia
Potions
 g - 2 potions of agility
 l - 2 potions of lignification
 m - 3 potions of might
 q - 4 potions of curing
 u - a potion of magic
 v - a potion of flight
 z - a potion of berserk rage
 I - 2 potions of cancellation
 L - a potion of resistance
 N - a potion of heal wounds
Comestibles
 c - 3 meat rations
 e - 6 bread rations
 f - 4 beef jerkies
 x - 5 slices of pizza
 C - 3 fruits
 P - 2 chunks of flesh


   Skills:
 - Level 3.2 Fighting
 + Level 14.5 Axes
 - Level 3.2 Armour
   Level 3.2 Shields


You had 10 spell levels left.
You didn't know any spells.

Dungeon Overview and Level Annotations

Branches:
Dungeon (10/15)            Temple (1/1) D:5            Lair (0/8) D:8
    Orc: D:9-12

Altars:
Ashenzari
Cheibriados
Dithmenos
Elyvilon
Fedhas
Gozag
Kikubaaqudgha
Makhleb
Nemelex Xobeh
Okawaru
Qazlal
Ru
Sif Muna
Trog
Vehumet
Xom
Yredelemnul
Zin
The Shining One

Shops:
D:6 *   D:8 !


Innate Abilities, Weirdness & Mutations

You are resistant to torment.
Your stone body is resilient (AC +7).
You are immune to poison.
You resist negative energy.
You are resistant to electric shocks.
You can survive without breathing.
You are immune to petrification.
You are immune to rotting.
[You often lose your temper in combat.]
[You are clumsy. (Dex -2)]
[Armour fits poorly on your strangely shaped body.]
[Potions and wands are less effective at restoring your health.]
[You expend magic power (3 MP) to strengthen your wands.]


Message History

Your chain mail prevents you from hitting the wretched star.
The wretched star is severely damaged.
You barely miss the wretched star.
The wretched star is severely damaged.
An apocalypse crab comes into view.
You hit the wretched star but do no damage.
The wretched star is severely damaged.
The wretched star glows turbulently.
The orb of energy hits you!
* * * LOW HITPOINT WARNING * * *
The orb of energy explodes!
You closely miss the wretched star.
The wretched star is severely damaged.
You slash the wretched star!
The wretched star is almost destroyed.
You hit the wretched star but do no damage.
The wretched star is almost destroyed.
The wretched star glows turbulently.
The orb of energy hits you!
You die...

.# .#. #... . #.# # #
... .. # # ..###
#.##...#.. . ## .
#...#...#. ..#.#.... .
....#...##... .#.# . .
#. ..#.#..##...##..#
#..#.*#.## # ##.. ..
##.#§@..#...#... # #.
#...§.§..# .. . .# .#
##.##...#.#..#..####..
# ##..# .###.. #. .
##.. . .# ## #.#.#. #
.## .#. ## ##.# # . .
.# ####..# #. .# . . .


You could see a wretched star.

Vanquished Creatures
  An orange demon (Abyss:1)
  2 trolls
  A komodo dragon (D:8)
  A raiju (Abyss:1)
  Sigmund (D:2)
  2 wyverns
  A wraith (D:7)
  A human (D:7)
  A yak (D:7)
  A hungry ghost (D:9)
  A hippogriff (D:9)
  A water moccasin (D:9)
  A sky beast (D:7)
  A black bear (D:7)
  Purgy (Sewer)
  An ice beast (D:5)
  The ghost of Bregath the Skirmisher, an average HOFi (D:3)
  5 ogres
  2 orc warriors
  2 phantoms
  3 centaurs
  A big kobold (D:8)
  5 giant frogs
  7 scorpions
  12 killer bees
  A jelly (D:7)
  2 giant frog zombies
  4 centaur zombies
  5 orc priests
  7 crimson imps
  A giant frog skeleton (D:8)
  2 centaur skeletons
  A human zombie (Ossuary)
  A hound (D:5)
  Terence (D:3)
  2 worker ants
  10 orc wizards
  A killer bee zombie (D:8)
  2 big kobold zombies (Ossuary)
  3 sheep (D:7)
  2 hound zombies
  2 hound skeletons
  3 mummies (Ossuary)
  A gnoll (D:10)
  9 adders
  3 shadow imps
  An ooze (D:3)
  An adder skeleton (D:4)
  4 worms
  A giant gecko (D:7)
  45 orcs
  A ball python (D:3)
  4 bats
  8 giant cockroaches
  A gnoll zombie (Ossuary)
  8 hobgoblins
  11 jackals
  5 quokkas
  A giant gecko skeleton (D:4)
  5 giant newts
  5 goblins
  A goblin zombie (Ossuary)
  2 hobgoblin zombies (Ossuary)
  19 kobolds
  5 kobold zombies (Ossuary)
  3 orc zombies (Ossuary)
  3 quokka skeletons (D:5)
  8 rats
  A bush (D:3)
  A plant (D:8)
263 creatures vanquished.

Vanquished Creatures (collateral kills)
  A giant frog skeleton (D:4)
1 creature vanquished.

Vanquished Creatures (others)
  15 plants (D:8)
15 creatures vanquished.

Grand Total: 279 creatures vanquished

Notes
Turn   | Place    | Note
--------------------------------------------------------------
     0 | D:1      | Kel the Gargoyle Fighter began the quest for the Orb.
     0 | D:1      | Reached XP level 1. HP: 14/14 MP: 1/1
   106 | D:1      | Reached XP level 2. HP: 13/19 MP: 2/2
   419 | D:1      | Reached XP level 3. HP: 19/23 MP: 3/3
   716 | D:2      | Noticed Sigmund
   732 | D:2      | Killed Sigmund
   732 | D:2      | Reached skill level 5 in Axes
   732 | D:2      | Reached XP level 4. HP: 28/28 MP: 4/4
   732 | D:2      | Reached XP level 5. HP: 32/32 MP: 5/5
  1310 | D:3      | Reached XP level 6. HP: 32/37 MP: 6/6
  1342 | D:3      | Noticed Bregath's ghost (average HOFi)
  1360 | D:3      | Killed Bregath's ghost
  1360 | D:3      | Reached skill level 6 in Axes
  1693 | D:3      | Noticed Terence
  1712 | D:3      | Killed Terence
  1736 | D:3      | Noticed a phantom
  1790 | D:3      | Killed a phantom
  1790 | D:3      | Reached XP level 7. HP: 24/41 MP: 7/7
  2041 | D:3      | Found a glowing silver altar of Zin.
  2041 | D:3      | Found a shattered altar of Ashenzari.
  2042 | D:3      | Found an iron altar of Okawaru.
  2719 | D:4      | Found an ancient bone altar of Kikubaaqudgha.
  2758 | D:4      | Found a sand-covered staircase.
  2763 | Ossuary  | Entered an ossuary
  2782 | Ossuary  | Reached skill level 7 in Axes
  3484 | Ossuary  | Reached skill level 8 in Axes
  3564 | Ossuary  | Reached XP level 8. HP: 41/46 MP: 8/8
  4053 | D:4      | Reached skill level 9 in Axes
  4954 | D:5      | Entered Level 5 of the Dungeon
  5478 | D:5      | Reached skill level 10 in Axes
  5530 | D:5      | Found a glowing drain.
  5534 | Sewer    | Entered a sewer
  5581 | Sewer    | Noticed Purgy
  5593 | Sewer    | Killed Purgy
  5914 | D:5      | Reached XP level 9. HP: 51/51 MP: 9/9
  6064 | D:5      | Found a stormy altar of Qazlal.
  6103 | D:5      | Became a worshipper of Qazlal Stormbringer
  6130 | D:5      | Found a staircase to the Ecumenical Temple.
  6137 | Temple   | Entered the Ecumenical Temple
  7055 | D:5      | Found a stormy altar of Qazlal.
  7452 | D:6      | Found a sparkling altar of Nemelex Xobeh.
  7568 | D:6      | Found Kuyfauc's General Store.
  7576 | D:6      | Bought a +0 cloak for 45 gold pieces
  7998 | D:7      | Found a flagged portal.
  8233 | D:7      | Gained mutation: You are occasionally teleported to nearby monsters. [mutagenic meat]
  8234 | D:7      | Gained mutation: Your flesh is heat resistant. [mutagenic meat]
  8235 | D:7      | Gained mutation: [Armour fits poorly on your strangely shaped body.] [mutagenic meat]
  8260 | D:7      | Reached skill level 11 in Axes
  8296 | D:7      | Found a shadowy altar of Dithmenos.
  8531 | D:7      | Lost mutation: You are occasionally teleported to nearby monsters. [potion of cure mutation]
  8531 | D:7      | Lost mutation: [Armour fits poorly on your strangely shaped body.] [potion of cure mutation]
  8907 | D:7      | Acquired Qazlal's first power
  9093 | D:7      | Found a deep blue altar of Sif Muna.
  9136 | D:7      | Reached skill level 12 in Axes
  9664 | D:8      | Reached XP level 10. HP: 50/56 MP: 10/10
 10046 | D:8      | Noticed a komodo dragon
 10062 | D:8      | Killed a komodo dragon
 10522 | D:7      | Reached skill level 13 in Axes
 10614 | D:8      | Acquired Qazlal's second power
 10668 | D:8      | Found Aroaff's Distillery.
 10676 | D:8      | Bought a potion of resistance for 110 gold pieces
 10676 | D:8      | Bought a potion of mutation for 27 gold pieces
 10678 | D:8      | Gained mutation: Scrolls take you a little longer to read. [potion of mutation]
 10678 | D:8      | Gained mutation: [You expend magic power (3 MP) to strengthen your wands.] [potion of mutation]
 10678 | D:8      | Gained mutation: You are dopey. (Int -2) [potion of mutation]
 10679 | D:8      | Lost mutation: Scrolls take you a little longer to read. [potion of cure mutation]
 10679 | D:8      | Lost mutation: Your flesh is heat resistant. [potion of cure mutation]
 10679 | D:8      | Lost mutation: You are dopey. (Int -2) [potion of cure mutation]
 10679 | D:8      | Lost mutation: [You expend magic power (3 MP) to strengthen your wands.] [potion of cure mutation]
 11025 | D:8      | Found a staircase to the Lair.
 12069 | D:9      | Reached skill level 14 in Axes
 12233 | D:9      | Acquired Qazlal's third power
 12702 | D:10     | Entered Level 10 of the Dungeon
 12746 | D:10     | Cast into the Abyss (gnoll sergeant)
 12747 | Abyss:1  | Found a corrupted altar of Lugonu.
 12778 | Abyss:1  | Noticed a thrashing horror
 12892 | Abyss:1  | Reached XP level 11. HP: 56/60 MP: 11/11
 12928 | Abyss:1  | Noticed a thrashing horror
 13026 | Abyss:1  | Noticed a wretched star
 13044 | Abyss:1  | Killed from afar by a wretched star

Vault maps used:
D:1:      dpeg_arrival_tiny_a
D:2:      uniq_sigmund
D:3:      gammafunk_temple_overflow_forgotten, uniq_terence
D:4:      old_standard_altar, enter_ossuary_5, first_bread
D:5:      kennysheep_mini_moat, minmay_temple_entry_hall,
          gup_sewer_entry_spiral, hangedman_decor_riveting, grunt_ministairs_13,
          nicolae_qazlal_eye_of_the_storm
D:6:      overflow_temple_1_default, serial_shops, shop,
          kennysheep_cluttered_room
D:7:      grunt_dithmenos_smoke, basic_altar, enter_bailey_8,
          minmay_misc_feat_cross, grunt_livestock
D:8:      david_lair_shrubbed, serial_shops, nicolae_shop_stone
D:10:     serial_undead, serial_undead_d, serial_undead_c, serial_undead_c,
          serial_undead_e, lemuel_angel_altar
Temple:   minmay_temple_forest_path_12
Abyss:1:  hangedman_stitches_earthworm
Sewer:    kennysheep_door_sewer
Ossuary:  ossuary_minmay_scorpions

Action                   |  1- 3 |  4- 6 |  7- 9 | 10-12 || total
-------------------------+-------+-------+-------+-------++-------
Melee: War axe           |   105 |   122 |   562 |   321 ||  1110
Evoke: Wand              |       |       |     3 |       ||     3
  Use: Potion            |     1 |       |    13 |     5 ||    19
       Scroll            |       |     2 |    18 |     4 ||    24
 Stab: Invisible         |       |       |       |     4 ||     4
  Eat: Chunk             |       |     3 |    13 |     1 ||    17
       Bread ration      |       |       |     2 |     2 ||     4
       Meat ration       |       |       |     1 |       ||     1
       Beef jerky        |       |       |     1 |       ||     1
       Pizza             |       |       |       |     2 ||     2
